 Dungeon Crawl Stone Soup version 0.29.1-2-gbd0b4ee654 (webtiles) character file.

Game seed: 3145569393619961385

52 safid the Shooter (level 3, -5/31 HPs)
             Began as a Minotaur Hunter on Nov 3, 2022.
             Slain by an orc
             ... wielding a +0 flail
              (7 damage)
             ... on level 3 of the Dungeon.
             The game lasted 00:02:01 (1298 turns).

safid the Shooter (Minotaur Hunter)                 Turns: 1298, Time: 00:02:02

Health: -5/31      AC:  4    Str: 17    XL:     3   Next: 60%
Magic:  2/2        EV: 12    Int:  6    God:
Gold:   87         SH:  0    Dex: 15    Spells: 2/2 levels left

rFire   + . .      SeeInvis .   a - +0 shortbow
rCold   . . .      Faith    .   (shield currently unavailable)
rNeg    . . .      Spirit   .   c - +0 leather armour
rPois   .          Reflect  .   (helmet restricted)
rElec   .          Harm     .   q - +0 cloak of Inference {rF+ Regen+ Str+2}
rCorr   .          Rampage  .   (no gloves)
Will    .....                   (no boots)
Stlth   ++........              (no amulet)
HPRegen 0.90/turn               (no ring)
MPRegen 0.08/turn               (no ring)

@: no status effects
A: horns 2, retaliatory headbutt
a: no special abilities


You were on level 3 of the Dungeon.
You visited 1 branch of the dungeon, and saw 3 of its levels.

You collected 87 gold pieces.

Inventory:

Hand Weapons
 a - a +0 shortbow (weapon)
Missiles
 g - 3 curare-tipped darts
Armour
 c - a +0 leather armour (worn)
 q - the +0 cloak of Inference (worn) {rF+ Regen+ Str+2}
   (You found it on level 2 of the Dungeon)

   Str:       It affects your strength (+2).
   rF:        It protects you from fire.
   Regen:     It increases your rate of health regeneration.
Jewellery
 r - a ring of ice
Scrolls
 b - a scroll of silence {unknown}
 f - 3 scrolls of identify {unknown}
 j - 2 scrolls of teleportation {unknown}
 l - a scroll of enchant armour {unknown}
 p - 3 scrolls of magic mapping {unknown}
Potions
 d - a potion of berserk rage {unknown}
 e - 2 potions of heal wounds {unknown}
 h - a potion of magic {unknown}
 i - a potion of mutation {unknown}
 k - 2 potions of lignification {unknown}
 m - a potion of attraction {unknown}
 n - 2 potions of curing {unknown}
 o - a potion of haste {unknown}


   Skills:
 + Level 3.2 Fighting
 + Level 4.8 Ranged Weapons
 + Level 2.9 Dodging
 + Level 1.6 Stealth


You had 2 spell levels left.
You didn't know any spells.
Your spell library was empty.

Dungeon Overview and Level Annotations

Branches:
Dungeon (3/15)

Altars:


Innate Abilities, Weirdness & Mutations

You have a pair of horns on your head.
You reflexively headbutt those who attack you in melee.


Message History

You kill the goblin!
No target in view!
No target in view!
No target in view!
You drop 2 scrolls of immolation.
HP restored.
b - a scroll labelled JAOTAU TASTRITZ
Things that are here:
a +0 flail; an orc corpse
Things that are here:
a +0 flail; an orc corpse You see here 2 scrolls of immolation. 2 orcs come into view.
The orc shouts!
You hear a shout!
You shoot an arrow. The orc shouts!
The arrow hits the orc!
You kill the orc!
You hear a shout!
An orc comes into view. It is wielding a +0 flail.
You shoot an arrow.
The arrow hits the orc but does no damage.
You shoot an arrow. The arrow barely misses the orc.
The teleport trap disappears.
The orc disappears!
The orc reappears nearby!
An orc priest comes into view. It is wielding a +0 whip.
You shoot an arrow. The arrow hits the orc.
The orc is severely wounded.
You shoot an arrow. The arrow barely misses the orc.
You shoot an arrow. The arrow barely misses the orc.
The orc priest calls down the wrath of Beogh upon you.
Beogh smites you!
You shoot an arrow. The arrow hits the orc.
The orc is severely wounded.
The orc hits you with a +0 flail! The orc closely misses you.
You furiously retaliate!
You headbutt the orc.
The orc priest mumbles some strange prayers to Beogh against you.
Beogh smites you!
* * * LOW HITPOINT WARNING * * *
The orc hits you with a +0 flail!
You die...

#..... .≈≈≈ #..... .≈≈
#.###.#.. )≈#
.##........
oP###.######.###
##.##...###.......
#.###.. #......#####.
#....o####..###.#####.
#@o........)...##.
#........#..##.##.
#####...##........
#....##..###.##
#........# #.#
###..####?## #.#
#.....)..)####.#
#.....####.....#
#.....# #.#####


You could see an orc priest and 2 orcs.

Vanquished Creatures
  An adder (D:2)
  A worm (D:2)
  2 orcs (D:3)
  5 endoplasms
  5 giant cockroaches
  3 goblins
  A hobgoblin (D:2)
  2 kobolds
  2 quokkas (D:2)
  A ball python (D:2)
  5 bats
  6 frilled lizards
  3 rats
37 creatures vanquished.

Notes
Turn   | Place    | Note
-------+----------+-------------------------------------------
     0 | D:1      | safid the Minotaur Hunter began the quest for the Orb.
     0 | D:1      | Reached XP level 1. HP: 18/18 MP: 0/0
   208 | D:1      | Reached skill level 1 in Stealth
   445 | D:1      | Reached XP level 2. HP: 25/25 MP: 1/1
   483 | D:1      | You fall into a shaft and drop 1 floor!
  1057 | D:2      | Reached XP level 3. HP: 31/31 MP: 2/2
  1117 | D:2      | Identified the +0 cloak of Inference {rF+ Regen+ Str+2}
  1298 | D:3      | Slain by an orc

Illustrated notes

Levels and vault maps discovered:
D:1:      dpeg_arrival_erosion, layout_basic, roderic_lattice_a
D:2:      layout_basic, shapermc_ecumenical_altar_acropolis,
          chequers_mini_garden
D:3:      layout_loops_cross, minivault_14, dreamdust_princess_bridge

Skill      XL: |  1  2 |
---------------+-------+-----
Stealth        | 1 |  1.6
Fighting       | 3 |  3.2
Ranged Weapons | |  4.8
Dodging        | |  2.9

Action                   || total
-------------------------++-------
 Fire: Shortbow          ||   113
Armor: Leather armour    ||    15
Dodge: Dodged            ||    28
